Map: Jagannatha LE

Players

Vanya - Winner!

  • Race: Zerg Zerg
  • League: Master
  • Spawn Location: 1:00

MaxPax

  • Race: Protoss Protoss
  • League: Grandmaster
  • Spawn Location: 7:00

Event: DreamHack SC2 Masters 2020 Winter

VOD

Have the link to the VOD?

Description

Time

  • Played on: Oct. 14, 2020, 1:05 p.m.
  • Length: 14:06

All games in this series

Show
View Real Time Build Order
Export as new Build Order

Vanya Zerg - Winner!

Build Orders: Hatch First, Lurkers 

Get SALT Encoding   

  12  0:00  Drone  
  13  0:13  Overlord  
  13  0:16  Drone  
  14  0:31  Drone x2  
  16  0:48  Hatchery  
  15  0:51  Drone  
  15  0:54  Drone  
  17  1:05  Extractor  
  17  1:10  Spawning Pool  
  15  1:15  Drone  
  15  1:17  Drone  
  17  1:22  Drone  
  18  1:32  Drone  
  19  1:46  Drone  
  20  1:58  Spore Crawler, Queen  
  20  2:00  Overlord  
  23  2:03  Hatchery  
  23  2:07  Metabolic Boost  
  22  2:19  Zergling x4  
  24  2:28  Overlord  
  24  2:33  Queen  
  26  2:41  Baneling Nest  
  26  2:43  Zergling x4  
  26  2:55  Zergling x2  
  27  3:05  Zergling x2  
  28  3:10  Zergling x6  
  32  3:20  Hatchery  
  32  3:25  Zergling x2  
  31  3:28  Extractor  
  30  3:36  Zergling x2  
  31  3:45  Overlord  
  31  3:47  Drone x3  
  34  3:51  Lair  
  34  3:59  Overlord  
  34  4:06  Extractor  
  33  4:10  Drone  
  33  4:16  Drone x3  
  37  4:26  Drone  
  38  4:33  Drone x2  
  38  4:38  Spore Crawler  
  41  4:44  Drone  
  42  4:46  Drone x2  
  42  4:49  Drone x2  
  44  4:52  Hydralisk Den  
  44  4:59  Overlord  
  43  5:02  Drone  
  44  5:13  Overlord  
  43  5:18  Drone x5  
  48  5:22  Grooved Spines  
  48  5:24  Hatchery  
  48  5:26  Drone x2  
  49  5:29  Drone  
  49  5:31  Overlord  
  50  5:39  Drone x3  
  51  5:46  Drone x2  
  53  5:50  Extractor  
  53  5:51  Drone, Extractor  
  53  5:56  Drone  
  53  5:57  Drone x3  
  56  6:05  Hydralisk x4  
  56  6:09  Overseer  
  64  6:16  Overlord  
  64  6:22  Overlord  
  64  6:25  Hydralisk x2  
  64  6:26  Hydralisk  
  67  6:37  Muscular Augments  
  67  6:38  Drone x5  
  72  6:42  Drone  
  72  6:43  Drone  
  74  6:52  Drone  
  74  6:53  Queen  
  74  6:54  Evolution Chamber  
  76  6:56  Drone x2  
  78  7:03  Centrifical Hooks  
  78  7:05  Drone  
  78  7:07  Drone, Overlord  
  80  7:14  Drone x6  
  86  7:20  Zerg Missile Weapons Level 1  
  86  7:24  Extractor  
  86  7:25  Extractor  
  86  7:26  Drone, Spore Crawler  
  84  7:32  Drone x7  
  91  7:41  Overlord  
  91  7:43  Queen  
  93  7:47  Overlord  
  93  7:50  Overlord  
  93  7:56  Overlord  
  89  8:03  Drone  
  89  8:04  Overlord  
  89  8:06  Drone  
  90  8:13  Drone  
  90  8:16  Drone x2, Infestation Pit  
  90  8:17  Hydralisk x5  
  101  8:21  Hatchery  
  101  8:23  Hydralisk x2  
  104  8:32  Drone  
  104  8:33  Drone  
  106  8:38  Overlord  
  106  8:44  Overlord  
  106  8:45  Hydralisk x6  
  116  8:52  Overlord  
  116  8:54  Hive  
  116  8:57  Drone x2  
  116  8:59  Drone x2  
  120  9:08  Drone x5  
  125  9:15  Drone, Zerg Missile Weapons Level 2  
  126  9:17  Lurker Den  
  126  9:21  Baneling x7  
  125  9:26  Overlord  
  125  9:32  Extractor  
  125  9:33  Drone x3  
  125  9:34  Drone x3, Extractor  
  125  9:37  Overlord  
  128  9:38  Queen  
  128  9:39  Hydralisk  
  128  9:40  Hydralisk x2  
  128  9:45  Drone x2, Overseer  
  138  9:52  Overlord  
  138  9:57  Overlord  
  138  10:00  Hydralisk x6  
  138  10:06  Viper x3  
  157  10:11  Zergling x8  
  161  10:15  Overlord  
  161  10:16  Overlord  
  161  10:19  Hydralisk x2  
  165  10:23  Hydralisk x2  
  165  10:27  Lurker x2  
  171  10:28  Lurker  
  171  10:29  Lurker  
  173  10:36  Hydralisk  
  173  10:37  Hydralisk x4  
  173  10:41  Overlord  
  182  10:44  Overlord  
  182  10:46  Overlord  
  182  10:49  Overlord  
  168  10:50  Hydralisk x2  
  168  10:54  Extractor  
  168  10:55  Drone  
  168  10:56  Drone  
  170  11:03  Seismic Spines  
  170  11:06  Hatchery  
  167  11:18  Hydralisk x6  
  176  11:27  Lurker x2  
  176  11:28  Lurker  
  176  11:30  Drone x3  
  182  11:38  Overseer  
  182  11:41  Hydralisk x6  
  182  11:43  Lurker  
  195  11:50  Overlord  
  195  11:57  Overlord  
  195  12:00  Adaptive Talons, Overlord x2  
  195  12:08  Overseer  
  195  12:10  Hydralisk x2  
  195  12:11  Lurker  
  195  12:15  Drone, Spine Crawler x2  
  172  12:30  Viper x2  
  172  12:32  Zergling x12  
  172  12:33  Zergling x8  
  189  12:42  Hydralisk x3  
  195  12:44  Lurker x2  
  195  12:49  Overlord  
  195  12:51  Lurker  
  198  12:55  Hatchery  
  198  12:57  Spine Crawler x2  
  197  12:58  Lurker x2  
  197  12:59  Spine Crawler  
  197  13:05  Hydralisk x2  
  200  13:17  Overlord  
  200  13:26  Hydralisk x4  
  198  13:35  Overlord  
  198  13:38  Hydralisk x3  
  198  13:44  Lurker  
  198  13:48  Overlord  
Show
View Real Time Build Order
Export as new Build Order

MaxPax Protoss 

Build Orders:  

Get SALT Encoding   

  12  0:00  Probe  
  13  0:12  Probe  
  14  0:20  Pylon  
  14  0:24  Probe  
  15  0:38  Probe (Chrono Boost)  
  15  0:39  Gateway  
  16  0:47  Probe (Chrono Boost)  
  16  0:48  Assimilator  
  17  0:52  Probe (Chrono Boost)  
  18  1:04  Probe  
  19  1:16  Forge, Probe  
  20  1:28  Probe  
  20  1:29  Pylon  
  21  1:45  Cybernetics Core  
  21  1:49  Photon Cannon  
  21  1:53  Photon Cannon  
  21  2:05  Nexus  
  21  2:12  Pylon  
  21  2:30  Photon Cannon  
  21  2:31  Stargate  
  21  2:35  Adept (Chrono Boost)  
  23  2:48  Pylon  
  23  2:52  Pylon  
  25  3:01  Photon Cannon  
  25  3:05  Assimilator  
  25  3:12  Probe  
  26  3:18  Photon Cannon  
  24  3:21  Void Ray (Chrono Boost)  
  24  3:24  Probe  
  25  3:30  Probe  
  30  3:36  Pylon, Probe  
  31  3:42  Probe  
  31  3:48  Probe, Sentry (Chrono Boost)  
  30  3:54  Probe  
  34  4:01  Probe  
  35  4:07  Probe  
  36  4:10  Warp Gate  
  36  4:13  Probe (Chrono Boost)  
  37  4:19  Probe (Chrono Boost)  
  37  4:22  Oracle (Chrono Boost)  
  39  4:25  Probe (Chrono Boost)  
  39  4:28  Probe (Chrono Boost)  
  39  4:30  Adept  
  45  4:32  Shield Battery, Probe (Chrono Boost)  
  45  4:36  Probe  
  47  4:42  Probe  
  48  4:48  Probe  
  48  4:51  Pylon  
  49  4:54  Probe  
  49  4:56  Phoenix  
  52  5:00  Probe  
  52  5:06  Probe  
  54  5:12  Probe  
  51  5:14  Robotics Facility  
  51  5:18  Assimilator  
  51  5:19  Probe  
  52  5:21  Assimilator  
  52  5:24  Gateway  
  52  5:25  Gateway  
  52  5:27  Probe  
  53  5:31  Probe  
  54  5:39  Probe  
  55  5:43  Probe  
  56  5:51  Probe  
  56  5:53  Pylon  
  56  5:55  Protoss Ground Weapons Level 1, Probe  
  58  6:00  Immortal (Chrono Boost)  
  58  6:01  Gateway  
  62  6:05  Robotics Bay  
  62  6:14  Nexus  
  62  6:17  Pylon  
  62  6:25  Adept x3  
  63  6:27  Probe  
  63  6:28  Probe  
  69  6:35  Observer  
  71  6:40  Forge, Phoenix (Chrono Boost), Probe  
  73  6:54  Pylon  
  73  6:56  Colossus (Chrono Boost)  
  78  7:14  Pylon  
  76  7:22  Gateway x2  
  76  7:24  Extended Thermal Lance  
  76  7:26  Sentry x2  
  76  7:27  Zealot x2  
  76  7:28  Phoenix (Chrono Boost)  
  84  7:31  Probe x3  
  89  7:43  Probe  
  90  7:44  Photon Cannon, Phoenix (Chrono Boost)  
  90  7:49  Probe  
  90  7:51  Colossus (Chrono Boost)  
  93  7:56  Probe  
  96  8:07  Pylon  
  96  8:09  Assimilator  
  96  8:12  Assimilator  
  96  8:24  Twilight Council  
  96  8:25  Phoenix, Probe x3  
  96  8:26  Pylon  
  101  8:29  Gateway  
  101  8:30  Gateway  
  101  8:36  Pylon  
  101  8:39  Shield Battery  
  99  8:43  Photon Cannon  
  99  8:44  Pylon  
  99  8:45  Sentry  
  99  8:46  Sentry x2  
  99  8:48  Zealot  
  107  8:54  Colossus (Chrono Boost)  
  105  9:02  Photon Cannon  
  111  9:03  Blink (Chrono Boost)  
  111  9:10  Stalker  
  111  9:14  Probe x2  
  111  9:15  Pylon  
  115  9:21  Stalker x3  
  121  9:25  Pylon  
  121  9:37  Warp Prism (Chrono Boost)  
  121  9:40  Stalker x3  
  121  9:43  Protoss Ground Weapons Level 2 (Chrono Boost)  
  129  9:50  Stalker  
  131  9:53  Pylon  
  131  9:56  Stalker  
  132  10:07  Observer (Chrono Boost)  
  132  10:13  Stalker x2  
  136  10:15  Nexus  
  136  10:29  Pylon  
  136  10:32  Stalker x5  
  145  10:47  Pylon  
  145  10:48  Disruptor (Chrono Boost)  
  147  10:54  Robotics Facility  
  144  10:57  Robotics Facility  
  144  10:58  Probe x3  
  144  11:01  Pylon  
  147  11:10  Probe  
  138  11:21  Disruptor (Chrono Boost)  
  141  11:27  Probe x2  
  141  11:28  Protoss Ground Armor Level 1  
  141  11:29  Probe  
  144  11:35  Photon Cannon  
  144  11:39  Probe  
  145  11:44  Disruptor x2 (Chrono Boost)  
  145  11:46  Probe x3  
  148  11:49  Protoss Air Weapons Level 1 (Chrono Boost)  
  148  11:51  Photon Cannon, Probe  
  148  11:53  Photon Cannon  
  155  11:57  Assimilator  
  155  11:58  Observer (Chrono Boost), Probe x2  
  155  11:59  Probe, Templar Archives  
  158  12:01  Assimilator  
  158  12:10  Disruptor (Chrono Boost)  
  158  12:11  Probe  
  158  12:12  Disruptor (Chrono Boost)  
  158  12:13  Observer  
  168  12:17  Disruptor (Chrono Boost)  
  168  12:19  Oracle  
  144  12:36  Probe x3  
  147  12:38  Disruptor (Chrono Boost)  
  147  12:41  Disruptor (Chrono Boost)  
  153  12:45  Stalker x6  
  168  12:58  Nexus  
  168  13:03  Disruptor (Chrono Boost)  
  168  13:07  Zealot x2  
  168  13:08  Zealot x2  
  176  13:14  Disruptor (Chrono Boost)  
  145  13:28  Disruptor (Chrono Boost)  
  118  13:38  Zealot x8  
  130  13:44  Probe  
  130  13:45  Probe  
  121  14:00  Zealot  
  121  14:01  Zealot x5  
Tags
 
Add a new tag
Caveats
  • Supply blocks, unpowered buildings, or Contaminate may cause inaccurate times.
  • Supply counts are checked every 10 seconds.